 Dungeon Sprint DCSS version 0.17.1-1-g73c8601 (webtiles) character file.

2907 hexophile the Severer (level 10, -4/91 HPs)
             Began as a Formicid Fighter on Dec 23, 2015.
             Was the Champion of Makhleb.
             Slain by a jiangshi (15 damage)
             ... summoned by a mummy priest
             ... in the Dungeon (Sprint V: "Ziggurat Sprint").
             The game lasted 00:03:27 (377 turns).

hexophile the Severer (Formicid Fighter)             Turns: 377, Time: 00:03:27

Health: -4/91      AC: 22    Str: 37    XL:     10   Next: 6%
Magic:  10/10      EV:  0    Int: 10    God:    Makhleb [******]
Gold:   0          SH: 28    Dex:  7    Spells: 0 memorised, 9 levels left

rFire  + . .     SeeInvis +     j - +4 war axe (elec)
rCold  + . .     Clarity  .     l - +9 gold dragon armour {rC+ rF+ rPois}
rNeg   + + .     SustAt   .     q - +18 shield of the gong {rElec rN+ MR+ EV-5}
rPois  +         Gourm    .     (helmet unavailable)
rElec  +         Spirit   .     (no cloak)
rCorr  .         Warding  .     (no gloves)
rMut   .         Stasis   +     (no boots)
MR     +++..                    (no amulet)
Stlth  ..........               h - ring of Desertification {rPois rN+ MR+ Str+9 Dex-3}
                                n - +6 ring of strength

@: extremely resistant to hostile enchantments, extremely unstealthy
A: permanent stasis, dig shafts and tunnels, four strong arms, antennae 3
a: Dig, Minor Destruction, Lesser Servant of Makhleb, Major Destruction, Greater
Servant of Makhleb, Renounce Religion


You were in the Dungeon.
You worshipped Makhleb.
Makhleb was exalted by your worship.
You were not hungry.

You visited 1 branch


Innate Abilities, Weirdness & Mutations

You are under a permanent stasis effect.
You can dig through walls and to a lower floor.
Your four strong arms can wield two-handed weapons with a shield.
You have a pair of large antennae on your head (SInv).

Inventory:

Hand Weapons
 e - a +5 executioner's axe
 j - a +4 war axe of electrocution (weapon)
Armour
 l - a +9 gold dragon armour (worn) {rC+ rF+ rPois}
 q - the +18 shield of the gong (worn) {rElec rN+ MR+ EV-5}
   (You found it in the Dungeon)

   It affects your evasion (-5).
   It insulates you from electricity.
   It protects you from negative energy.
   It affects your resistance to hostile enchantments.
Jewellery
 h - the ring of Desertification (right hand) {rPois rN+ MR+ Str+9 Dex-3}
   (You found it in the Dungeon)

   [ring of protection from magic]

   It affects your strength (+9).
   It affects your dexterity (-3).
   It protects you from poison.
   It protects you from negative energy.
   It affects your resistance to hostile enchantments.
 n - a +6 ring of strength (left hand)
 o - a +6 ring of strength
Wands
 a - a wand of fire (5)
 b - a wand of cold (5)
 c - a wand of disintegration (7)
 m - a wand of draining (5)
Scrolls
 t - 3 scrolls of recharging
 u - 6 scrolls of fog
 x - 5 scrolls of identify
 y - 5 scrolls of remove curse
 z - 2 scrolls of fear
Potions
 d - 6 potions of might {Str+5 DMG+1d10}
 f - 10 potions of curing
 g - 10 potions of heal wounds
 i - 7 potions of magic
 A - 2 potions of brilliance {Archmagi Int+5 Wiz++}
 B - 2 potions of invisibility
 C - 4 potions of resistance {rF+ rC+ rPois rElec rCorr}
 E - 4 potions of agility {Stlth+ Dex+5 EV+5}
Miscellaneous
 k - a phial of floods
 v - a disc of storms
Comestibles
 p - 42 fruits
 r - 5 bread rations
 s - 4 meat rations


You had 9 spell levels left.
You didn't know any spells.


   Skills:
 * Level 12.9 Fighting
 + Level 17.6 Axes
 - Level 3.2 Armour
 - Level 3.6 Shields

Dungeon Overview and Level Annotations

Branches:
Dungeon (1/1)

Altars:
Ashenzari
Cheibriados
Dithmenos
Elyvilon
Fedhas
Gozag
Kikubaaqudgha
Makhleb
Nemelex Xobeh
Okawaru
Qazlal
Ru
Sif Muna
Trog
Vehumet
Xom
Yredelemnul
Zin
The Shining One
Beogh
Jiyva
Lugonu

Vault maps used:
D:        sprint_v
You       could see a mummy priest (dazed) and a jiangshi.


Message History

The ynoxinul hits you but does no damage.
The mummy priest calls down the wrath of its god upon you.
Something smites you!
* * * LOW HITPOINT WARNING * * *
You lost 13 HP.
You have now: 15/81 HP.
Your gold dragon armour prevents you from hitting the mummy priest.
The mummy priest is severely damaged.
You barely miss the jiangshi.
The jiangshi is severely damaged.
Your gold dragon armour prevents you from hitting the ynoxinul.
The ynoxinul is lightly wounded.
You block the red devil's attack.
GONNNNG!
The mummy priest calls on the powers of darkness!
Your body is wracked with pain!
* * * LOW HITPOINT WARNING * * *
The ynoxinul hits you but does no damage.
You lost 4 HP.
You have now: 11/81 HP.
You slash the mummy priest!
You destroy the mummy priest!
Makhleb accepts your kill.
You feel better.
You feel extremely nervous for a moment...
Your body is wracked with pain!
* * * LOW HITPOINT WARNING * * *
Your Fighting skill increases to level 12!
You have reached level 10!
You hit the ynoxinul.
The ynoxinul is moderately wounded.
You closely miss the jiangshi.
The jiangshi is severely damaged.
The ynoxinul disappears in a puff of smoke!
The ufetubus disappears in a puff of smoke!
The red devil disappears in a puff of smoke!
You block the jiangshi's attack.
GONNNNG!
You block the jiangshi's attack.
PTOANNNG!
The mummy priest calls on the powers of darkness!
Your body is wracked with pain!
* * * LOW HITPOINT WARNING * * *
You got additional 10 HP.
Unknown command.
Unknown command.
You slash the jiangshi!
The jiangshi is severely damaged.
You block the jiangshi's attack.
GONNNNG!
The jiangshi claws you!
You die...

Action                   |  1- 3 |  4- 6 |  7- 9 | 10-12 || total
-------------------------+-------+-------+-------+-------++-------
Melee: Broad axe         |     2 |       |       |       ||     2
       War axe           |     4 |    25 |    36 |     1 ||    66
 Abil: Dig               |     1 |       |       |       ||     1
  Use: Potion            |     1 |     1 |       |       ||     2
       Scroll            |       |     4 |     2 |       ||     6

Notes
Turn   | Place    | Note
--------------------------------------------------------------
     0 | D        | hexophile the Formicid Fighter began the quest for the Orb.
     0 | D        | Reached XP level 1. HP: 18/18 MP: 1/1
     0 | D        | Found an iron altar of Okawaru.
     0 | D        | Found a radiant altar of Vehumet.
     0 | D        | Found a burning altar of Makhleb.
     0 | D        | Found a shimmering altar of Xom.
     0 | D        | Found a deep blue altar of Sif Muna.
    13 | D        | Banished a spatial maelstrom
    25 | D        | Found a white marble altar of Elyvilon.
    25 | D        | Found a sparkling altar of Nemelex Xobeh.
    25 | D        | Found a corrupted altar of Lugonu.
    25 | D        | Found a bloodstained altar of Trog.
    25 | D        | Found a roughly hewn altar of Beogh.
    25 | D        | Found a viscous altar of Jiyva.
    38 | D        | Became a worshipper of Makhleb the Destroyer
    89 | D        | Reached skill level 7 in Axes
    89 | D        | Reached XP level 2. HP: 24/24 MP: 2/2
   109 | D        | Entered arena 1.
   109 | D        | Noticed a jelly
   112 | D        | Killed a jelly
   112 | D        | Reached * piety under Makhleb
   112 | D        | Reached skill level 8 in Axes
   112 | D        | Reached XP level 3. HP: 24/29 MP: 3/3
   116 | D        | Got the +6 lajatang "Faoko" {flame, +Rage rElec rC+ Int+3}
   127 | D        | Entered arena 2.
   134 | D        | Reached skill level 9 in Axes
   134 | D        | Reached XP level 4. HP: 22/35 MP: 4/4
   135 | D        | Reached ** piety under Makhleb
   139 | D        | Got the +10 hand axe of Royalism {freeze, MR+ SInv Stlth+}
   222 | D        | Entered arena 3.
   222 | D        | Noticed a quasit
   222 | D        | Noticed a crimson imp
   226 | D        | Killed a quasit
   226 | D        | Reached skill level 10 in Axes
   228 | D        | Killed a crimson imp
   228 | D        | Reached skill level 11 in Axes
   228 | D        | Reached XP level 5. HP: 41/41 MP: 5/5
   231 | D        | Reached *** piety under Makhleb
   237 | D        | Got the ring of Desertification {rPois rN+ MR+ Str+9 Dex-3}
   241 | D        | Got the +2 ring mail "Waos" {Dex+7}
   250 | D        | Entered arena 4.
   250 | D        | Noticed a phantom
   250 | D        | Noticed a necrophage
   254 | D        | Killed a necrophage
   254 | D        | Reached skill level 12 in Axes
   254 | D        | Reached XP level 6. HP: 47/47 MP: 6/6
   267 | D        | Killed a phantom
   267 | D        | Reached **** piety under Makhleb
   267 | D        | Reached skill level 13 in Axes
   270 | D        | Got the +10 scythe "Ylaseate" {slice, rPois}
   272 | D        | Entered arena 5.
   272 | D        | Noticed a crimson imp
   272 | D        | Noticed a large abomination
   272 | D        | Noticed a quasit
   272 | D        | Noticed a quasit
   279 | D        | Killed a quasit
   279 | D        | Reached XP level 7. HP: 52/52 MP: 7/7
   280 | D        | Killed a quasit
   280 | D        | Reached skill level 14 in Axes
   282 | D        | Killed a large abomination
   282 | D        | Reached ***** piety under Makhleb
   282 | D        | Killed a crimson imp
   282 | D        | Reached skill level 15 in Axes
   288 | D        | Got the cursed +0 battleaxe "Irocain" {antimagic, rC+ Dex+6 Stlth-}
   293 | D        | Entered arena 6.
   293 | D        | Noticed an orc warrior
   293 | D        | Noticed an orc warrior
   293 | D        | Noticed an orc priest
   293 | D        | Noticed an orc wizard
   299 | D        | Killed an orc priest
   301 | D        | Killed an orc warrior
   301 | D        | Reached XP level 8. HP: 47/58 MP: 8/8
   302 | D        | Killed an orc wizard
   304 | D        | Killed an orc warrior
   304 | D        | Reached skill level 16 in Axes
   309 | D        | Got the cursed +1 fire dragon armour of Anlolill {rPois rF++ rC- MP+9, rF++ rC-}
   313 | D        | Identified Lehudib's Tome of Floating Conjuration
   316 | D        | Entered arena 7.
   316 | D        | Noticed a scorpion
   316 | D        | Noticed a jumping spider
   316 | D        | Noticed a jumping spider
   316 | D        | Noticed a tarantella
   316 | D        | Noticed a scorpion
   316 | D        | Noticed a wolf spider
   319 | D        | Killed a jumping spider
   319 | D        | Reached skill level 5 in Fighting
   323 | D        | Killed a tarantella
   323 | D        | Reached ****** piety under Makhleb
   323 | D        | Reached skill level 6 in Fighting
   325 | D        | Killed a scorpion
   325 | D        | Reached skill level 7 in Fighting
   329 | D        | Killed a scorpion
   330 | D        | Killed a wolf spider
   330 | D        | Reached skill level 9 in Fighting
   330 | D        | Reached XP level 9. HP: 61/77 MP: 9/9
   334 | D        | Killed a jumping spider
   334 | D        | Reached skill level 10 in Fighting
   334 | D        | Reached skill level 17 in Axes
   362 | D        | Entered arena 8.
   362 | D        | Noticed a mummy priest
   362 | D        | Noticed a mummy priest
   362 | D        | Noticed a guardian mummy
   364 | D        | Noticed a jiangshi
   370 | D        | Noticed a red devil
   372 | D        | Killed a guardian mummy
   372 | D        | Reached skill level 11 in Fighting
   376 | D        | Killed a mummy priest
   376 | D        | Reached skill level 12 in Fighting
   376 | D        | Reached XP level 10. HP: 16/91 MP: 10/10
   377 | D        | Slain by a jiangshi

Table legend:
 A = Turns spent in this place as a percentage of turns spent in the entire game.
 B = Non-inter-level travel turns spent in this place as a percentage of non-inter-level travel turns spent in the entire game.
 C = Inter-level travel turns spent in this place as a percentage of turns spent in this place.
 D = Turns resting spent in this place as a percentage of non-inter-level travel turns spent in this place.
 E = Turns spent auto-exploring this place as a percentage of non-inter-level travel turns spent in this place.
 F = Non-inter-level travel turns spent in this place divided by the number of levels of this place that you've seen.
                   A       B       C       D       E      F
               +-------+-------+-------+-------+-------+----------------------
         Total | 100.0 | 100.0 |   0.0 |   1.5 |   0.0 | 269.0
       Dungeon | 100.0 | 100.0 |   0.0 |   1.5 |   0.0 | 269.0
               +-------+-------+-------+-------+-------+----------------------

Table legend:
 A = Kills in this place as a percentage of kills in entire the game.
 B = Kills by you in this place as a percentage of kills by you in the entire game.
 C = Kills by friends in this place as a percentage of kills by friends in the entire game.
 D = Other kills in this place as a percentage of other kills in the entire game.
 E = Experience gained in this place as a percentage of experience gained in the entire game.
 F = Experience gained in this place divided by the number of levels of this place that you have seen.
                   A       B       C       D       E      F
               +-------+-------+-------+-------+-------+----------------------
         Total | 100.0 | 100.0 |  -nan |  -nan | 100.0 | 4145.0
       Dungeon | 100.0 | 100.0 |  -nan |  -nan | 100.0 | 4145.0
               +-------+-------+-------+-------+-------+----------------------

Vanquished Creatures
  A mummy priest (D)
  A wolf spider (D)
  A guardian mummy (D)
  2 jumping spiders (D)
  A large abomination (D)
  A tarantella (D)
  A necrophage (D)
  2 orc warriors (D)
  A phantom (D)
  2 scorpions (D)
  2 crimson imps (D)
  An orc priest (D)
  3 quasits (D)
  A jelly (D)
  An orc wizard (D)
  4 mummies (D)
  2 white imps (D)
  An ooze (D)
  An adder zombie (D)
  An adder skeleton (D)
  2 orcs (D)
  A bat zombie (D)
  2 jackal skeletons (D)
  A quokka zombie (D)
36 creatures vanquished.

Vanquished Creatures (others)
  A spatial maelstrom (D)
1 creature vanquished.

Grand Total: 37 creatures vanquished
